 Dungeon Crawl Stone Soup version 0.28.0-53-g5a82cb258f (webtiles) character file.

Game seed: 14924921873844902876

33 LynnLen the Sneak (level 3, -1/24 HPs)
             Began as a Vampire Enchanter on July 31, 2022.
             Slain by a hound (2 damage)
             ... on level 2 of the Dungeon.
             The game lasted 00:06:10 (1428 turns).

LynnLen the Sneak (Vampire Enchanter)               Turns: 1428, Time: 00:06:11

Health: -1/24      AC:  2    Str:  7    XL:     3   Next: 12%
Magic:  3/6        EV: 12    Int: 17    God:
Gold:   70         SH:  0    Dex: 16    Spells: 1/6 levels left

rFire   . . .      SeeInvis +   a - +2 dagger
rCold   . . .      Faith    .   (no shield)
rNeg    . . .      Spirit   .   b - +0 robe
rPois   .          Reflect  .   (no helmet)
rElec   .          Harm     .   (no cloak)
rCorr   .          Rampage  .   (no gloves)
Will    .....                   (no boots)
Stlth   +++.......              (no amulet)
HPRegen 0.28/turn               (no ring)
MPRegen 0.10/turn               (no ring)

@: very slightly contaminated, healing quickly
A: alive, fangs 3, see invisible, vampiric 2
a: Exsanguinate


You were on level 2 of the Dungeon.
You visited 1 branch of the dungeon, and saw 2 of its levels.

You collected 70 gold pieces.

Inventory:

Hand Weapons
 a - a +2 dagger (weapon)
Missiles
 d - 11 sling bullets
 e - 4 poisoned darts
 f - 20 stones (quivered)
Armour
 b - a +0 robe (worn)
Potions
 c - a potion of invisibility
 g - a potion of mutation {unknown}
 h - a potion of curing {unknown}
 i - a potion of resistance {unknown}
 j - a potion of flight {unknown}
 k - a potion of degeneration {unknown}


   Skills:
 * Level 1.8 Short Blades
 * Level 2.4 Dodging
 * Level 5.5 Stealth
 * Level 2.2 Spellcasting
 + Level 4.6 Hexes


You had one spell level left.
You knew the following spells:

 Your Spells              Type           Power      Damage    Failure   Level
a - Confusing Touch       Hex            17%        N/A       9%          3
b - Ensorcelled Hibernat  Hex/Ice        18%        N/A       11%         2

Your spell library contained the following spells:

 Spells                   Type           Power      Damage    Failure   Level
 Tukima's Dance           Hex            17%        N/A       9%          3
 Dazzling Flash           Conj/Hex       18%        N/A       22%         3


Dungeon Overview and Level Annotations

Branches:
Dungeon (2/15)

Altars:


Innate Abilities, Weirdness & Mutations

Your natural rate of healing is accelerated.
You have razor-sharp teeth.
You have supernaturally acute eyesight. (SInv)
You are afflicted with vampirism and can become a bat while bloodless.


Message History

You hit the hound. Your bite misses the hound.
The hound is moderately wounded.
The hound bites you but does no damage.
You hit the hound.
The hound is heavily wounded.
The hound barely misses you. The hound misses you.
You barely miss the hound. Your bite misses the hound.
The hound is heavily wounded.
The hound bites you.
You barely miss the hound.
The hound is heavily wounded.
The hound misses you.
You hit the hound.
The hound is heavily wounded.
The hound bites you but does no damage.
An adder comes into view.
The hound misses you.
You barely miss the hound.
The hound is heavily wounded.
The hound bites you.
* * * LOW HITPOINT WARNING * * *
You barely miss the hound.
The hound is heavily wounded.
The hound bites you but does no damage.
You hit the hound.
The hound is severely wounded.
The hound bites you.
* * * LOW HITPOINT WARNING * * *
The hound bites you.
* * * LOW HITPOINT WARNING * * *
Cast which spell? (? or * to list)
The spell is quite dangerous to miscast (9% risk of failure)!
Continue anyway?
You miscast Confusing Touch.
You are very lightly contaminated with residual magic.
Nothing appears to happen.
The hound bites you.
* * * LOW HITPOINT WARNING * * *
You hit the hound.
The hound is severely wounded.
The hound bites you but does no damage. The hound bites you.
You die...

######## .......#
########### ######.#
#.........# # #.#
#.#######.# # #.###.#
#.#####.. #
#.##.#.######.......[
#
#...###.....†.)......
####.#.####.##.####..
#.........#@# ...
#.........#h# ####
#..........K#
#.........###
...........#
###...).....# #
#.....>...# .
.........K# #
.........


You could see a hound and a kobold.

Vanquished Creatures
  A worm (D:2)
  A dart slug (D:2)
  4 bats
  An endoplasm (D:1)
  4 goblins
  3 hobgoblins (D:1)
  2 quokkas (D:1)
  A ball python (D:2)
  3 frilled lizards (D:1)
  3 kobolds (D:1)
  5 rats
28 creatures vanquished.

Notes
Turn   | Place    | Note
-------+----------+-------------------------------------------
     0 | D:1      | LynnLen the Vampire Enchanter began the quest for the Orb.
     0 | D:1      | Reached XP level 1. HP: 13/13 MP: 3/3
   183 | D:1      | Found a faded altar of an unknown god.
   367 | D:1      | Reached XP level 2. HP: 11/19 MP: 5/5
   616 | D:1      | Reached skill level 5 in Stealth
  1237 | D:2      | Gained mutation: You are afflicted with vampirism and can
                  | become a bat while bloodless. [Vampire growth]
  1237 | D:2      | Reached XP level 3. HP: 24/24 MP: 6/6
  1241 | D:2      | Learned a level 3 spell: Confusing Touch
  1244 | D:2      | Learned a level 2 spell: Ensorcelled Hibernation
  1427 | D:2      | HP: 1/24 [hound (5)]
  1428 | D:2      | Slain by a hound

Illustrated notes

Levels and vault maps discovered:
D:1:      tarquinn_simple_flora_water_a, layout_basic,
          dreamdust_ecumenical_altar_grove, st_stairs_4
D:2:      layout_loops_ring, minmay_tromino_v4_b

Skill      XL: |  1  2 |
---------------+-------+-----
Stealth        | 5 |  5.5
Short Blades   | |  1.8
Dodging        | |  2.4
Spellcasting   | |  2.2
Hexes          | |  4.6

Action                   || total
-------------------------++-------
Melee: Dagger            ||    90
       Bite              ||     8
       Punch             ||     2
  Use: Potion            ||     1
       Scroll            ||     3
 Stab: Sleeping          ||     8
Armor: Robe              ||    18
Dodge: Dodged            ||    45
